[Event "Marshall Masters September 2024"]
[Site "New York"]
[Date "2024.09.20"]
[Round "3.1"]
[White "Zhu, Linxi"]
[Black "Tang, Andrew"]
[Result "0-1"]
[ECO "C60"]
[WhiteElo "2114"]
[BlackElo "2524"]
[Annotator "TA"]
[PlyCount "88"]
[EventDate "2024.09.20"]
[EventCountry "USA"]
[SourceTitle "playchess.com"]
[Source "ChessBase"]
[SourceQuality "1"]
[TimeMode "Bronstein"]
[TimeControl "1500+5"]

1. e4 e5 2. Nf3 Nc6 3. Bb5 g6 4. O-O Bg7 5. c3 a6 6. Ba4 b5 7. Bc2 d6 8. h3 Nf6 9. d4 O-O 10. Re1 Bb7 11. a4 {[%emt 0:00:09] The position is equal.} exd4 12. cxd4 Nb4 13. Bg5 h6 14. Bf4 Re8 {[%emt 0:00:20] [#] aiming for ...Nxc2.} 15. Nbd2 $1 c5 16. d5 (16. axb5 $11 {keeps the balance.} axb5 17. Rxa8 Bxa8 18. Bb1) 16... Nh5 $36 {[%emt 0:01:13][%csl LRb2,LRf4][%mdl 2048] Black is in control.} 17. Be3 Bxb2 {[%emt 0:00:05] Black is much more active.} 18. Rb1 Bg7 19. g4 {[%emt 0:01:53] This move loses the game for White.} (19. axb5 $17 {was worth a try.} axb5 20. Rxb4 cxb4 21. Nd4) 19... Nf6 $19 20. axb5 axb5 21. Rxb4 cxb4 22. Bd4 Nd7 23. Nb3 Bxd4 24. Qxd4 Qf6 {[%emt 0:00:05] Prevents Qxb4} 25. Qd1 Rac8 {[%emt 0:00:48][%cal Oc8c2] Strongly threatening ...Rxc2!} 26. Nbd4 Ne5 27. Nxe5 dxe5 28. Nxb5 (28. Ne2) 28... Qb6 {[%emt 0:00:14][%cal Ob7a6] And now ...Ba6! would win.} 29. Ba4 Ba6 30. Nc7 Red8 31. Nxa6 Qxa6 32. Qb3 (32. Re3 $142) 32... Rc4 {[%emt 0:00:37] ...Rdc8 would now be deadly.} 33. Bc6 Rd4 34. Re3 (34. Kg2 $142) 34... Rd6 (34... Qa1+ $142 35. Kg2 Rd1) 35. Kg2 Kg7 {[%emt 0:00:05] White must now prevent ...Qa1.} 36. Qb2 Rf6 37. Qb3 {[%emt 0:01:35] Repels Rd1} Rd2 38. Rf3 Qe2 (38... Rxf3 $142 39. Qxf3 Rd3) 39. Rxf6 Kxf6 {[%emt 0:00:05] Black mates.} 40. Qf3+ Qxf3+ 41. Kxf3 {[%emt 0:00:05] KR-KB} b3 42. Ke3 Rd4 43. Bb5 b2 44. Bd3 {[%emt 0:00:05] [#]} Rxd3+ $1 {[%emt 0:17:34][%mdl 512] Weighted Error Value: White=0.72/Black=0.57.  Mistake:       	White=5     	---        Inaccurate:     	White=1     	Black=2      OK:         	White=8     	Black=13     Best:        	---       	Black=4      Strong:       	White=1     	---} 0-1

[Event "Marshall Masters September 2024"]
[Site "New York"]
[Date "2024.09.20"]
[Round "3.2"]
[White "Paragua, Mark"]
[Black "Putnam, Liam"]
[Result "0-1"]
[ECO "C78"]
[WhiteElo "2454"]
[BlackElo "2398"]
[Annotator "TA"]
[PlyCount "126"]
[EventDate "2024.09.20"]
[EventCountry "USA"]
[SourceTitle "playchess.com"]
[Source "ChessBase"]
[SourceQuality "1"]
[TimeMode "Bronstein"]
[TimeControl "1500+5"]

1. e4 e5 2. Nf3 Nc6 3. Bb5 a6 4. Ba4 Nf6 5. d3 b5 6. Bb3 Bc5 7. c3 O-O 8. O-O d6 9. Nbd2 Bb6 10. a4 Rb8 11. h3 Be6 12. Bxe6 fxe6 13. Nb3 Qe8 14. axb5 axb5 15. Be3 Nh5 16. Bxb6 Rxb6 17. g3 Rb8 18. Kh2 Ra8 19. Rxa8 Qxa8 20. d4 Nf6 21. Ng5 Re8 22. Re1 h6 23. Nf3 Rf8 24. dxe5 Nxe5 (24... Nxe4 $11 {deserves consideration.} 25. Rxe4 Nxe5 26. Rxe5 dxe5) 25. Nxe5 $14 dxe5 26. Nc5 Qa7 (26... Rf7 $14) 27. b4 $16 (27. Nxe6 $2 Qxf2+ (27... Re8 $2 28. Nxc7 Qxc7 29. Kg2 $19) 28. Kh1 Nh5 $19) 27... Qa2 28. Qe2 (28. Re2 $16 Qc4 29. Re3) 28... Ra8 $11 29. Kg2 (29. Qxb5 Qxf2+ 30. Kh1 Qxe1+ 31. Kg2 Ra2+ (31... Nxe4 32. Qe8+ Kh7 33. Qg8+ Kxg8 34. Nxe4 Ra2+ 35. Nd2 Rxd2+ 36. Kf3 Qe2#) (31... Nxe4 32. Qb8+ Kh7 33. Qg8+ Kxg8 34. Nxe4 Ra2+ 35. Nd2 Rxd2+ 36. Kf3 Qe2#)) 29... Qxe2 30. Rxe2 Kf7 31. Rd2 Ke7 32. Kf3 g5 33. Ke3 Ra1 34. Nd3 Nd7 35. Kf3 Ra3 36. Rc2 Kf6 37. Ke2 Nb6 38. Ne1 Na4 39. Kd2 c5 40. Ng2 (40. Nd3 $11 {might be stronger.}) 40... cxb4 $15 41. cxb4 Rf3 (41... Rb3 42. Ne3 $17) 42. Ke2 Rb3 43. Ne3 h5 ({Reject} 43... Rxb4 $6 44. Ng4+ Ke7 45. Ke3 $11) (43... Nc3+ $17 44. Kf3 h5) 44. Rc6 $11 Ke7 45. Rc7+ Kd6 46. Rh7 (46. Rg7 $11) 46... Rxb4 $15 47. Rxh5 Nc3+ ({Don't play} 47... Rxe4 48. Rxg5 b4 49. Rg8 $11) 48. Kf3 Nxe4 ({Much worse is} 48... Rxe4 49. Rxg5 b4 50. Rg7 $11) 49. Rh8 Nd2+ (49... Nc5 $15) 50. Ke2 Nc4 51. Ng4 (51. h4 $11) 51... Rb2+ $17 52. Kd3 {[%emt 0:00:00] [#]} Rb3+ (52... Kc5 $1 $17 {...Rd2+ would now be deadly.} 53. Rb8 Ra2) 53. Kc2 Rf3 54. Kd1 (54. Rd8+ $17 Kc7 55. Rd3) 54... b4 $19 55. Rc8 $2 (55. Rb8 b3 56. Ne3 Nxe3+ 57. Ke2) 55... Rc3 $19 56. Ke2 {[%emt 0:00:03] [#]} Rc2+ $1 57. Kd1 $2 (57. Kd3 Rd2+ (57... Rc3+ $2 58. Ke2 $19) 58. Kxc4 Rc2+ 59. Kxb4 Rxc8 60. Nf6) 57... Rc3 $2 ({Black should try} 57... Ne3+ $19 58. Nxe3 Rxc8) 58. Ke2 $1 $11 b3 59. Ne3 $1 b2 60. Nxc4+ (60. Rb8 $1 $11) 60... Rxc4 $17 61. Rb8 Rc2+ 62. Ke3 $2 (62. Kd3 $17 Rxf2 63. h4) 62... Kd5 $19 63. Kd3 Rxf2 0-1

[Event "Marshall Masters September 2024"]
[Site "New York"]
[Date "2024.09.20"]
[Round "3.3"]
[White "Das, Aditeya"]
[Black "Bonin, Jay"]
[Result "0-1"]
[ECO "B03"]
[WhiteElo "2106"]
[BlackElo "2129"]
[Annotator "RC"]
[PlyCount "108"]
[EventDate "2024.09.20"]
[EventCountry "USA"]
[SourceTitle "playchess.com"]
[Source "ChessBase"]
[SourceQuality "1"]
[TimeMode "Bronstein"]
[TimeControl "1500+5"]

1. e4 Nf6 2. e5 Nd5 3. c4 Nb6 4. d4 d6 5. f4 dxe5 6. fxe5 Nc6 7. Be3 Bf5 8. Nc3 e6 9. Be2 Nb4 10. Rc1 c5 11. Nf3 Bg4 12. O-O Bxf3 13. Rxf3 cxd4 14. Bxd4 Nc6 15. Rd3 Nxd4 16. Kh1 Bc5 17. Nb5 Nxb5 18. cxb5 Qe7 19. Qc2 Rc8 20. b4 Bd4 21. Qxc8+ Nxc8 22. Rxc8+ Kd7 23. Rc4 Rb8 24. Rcxd4+ Ke8 25. b6 axb6 26. Rd1 Qg5 27. Bb5+ Kf8 28. Rd7 Qxe5 29. a4 Rc8 30. Rxb7 Qd5 31. Rd7 Qg5 32. Ba6 Rc1 33. R7d6 Rxd1+ 34. Rxd1 Qg4 35. Rb1 Qe4 36. Rc1 Qxb4 37. Bb5 f5 38. Kg1 Qd4+ 39. Kh1 Qd2 40. Rf1 Ke7 41. g3 g6 42. Kg1 e5 43. Rf2 Qd4 44. Kg2 e4 45. Re2 g5 46. Rf2 e3 47. Re2 Qe4+ 48. Kg1 f4 49. gxf4 gxf4 50. Rg2 f3 51. Rg7+ Kf6 52. Rg3 e2 53. Rxf3+ Qxf3 54. Bxe2 Qxe2 0-1

[Event "Marshall Masters September 2024"]
[Site "New York"]
[Date "2024.09.20"]
[Round "3.4"]
[White "Weisz, Bryan"]
[Black "Rand, Steven J"]
[Result "0-1"]
[ECO "B12"]
[WhiteElo "2069"]
[BlackElo "1978"]
[Annotator "RC"]
[PlyCount "70"]
[EventDate "2024.09.20"]
[EventCountry "USA"]
[SourceTitle "playchess.com"]
[Source "ChessBase"]
[SourceQuality "1"]
[TimeMode "Bronstein"]
[TimeControl "1500+5"]

1. e4 c6 2. d4 d5 3. f3 dxe4 4. fxe4 e5 5. Nf3 Bg4 6. c3 Nd7 7. Bd3 Bd6 8. O-O Ngf6 9. Bg5 h6 10. Bh4 g5 11. Bg3 Qe7 12. Nbd2 Nh5 13. Nc4 Nxg3 14. hxg3 Bc7 15. Ne3 h5 16. Nf5 Bxf5 17. exf5 O-O-O 18. Qe2 Qf6 19. Rfe1 exd4 20. cxd4 Bxg3 21. Rec1 g4 22. Ne5 Nxe5 23. dxe5 Qxe5 24. Qxe5 Bxe5 25. Rd1 Bxb2 26. Rab1 Bd4+ 27. Kh1 h4 28. f6 g3 29. Re1 Bxf6 30. Bc4 Rd7 31. Rf1 Rh6 32. Rf5 Rd2 33. Kg1 h3 34. gxh3 Bd4+ 35. Kf1 g2+ 0-1